 Dungeon Crawl Stone Soup version 0.23.2 (webtiles) character file.

Game seed: 283316446238616426

301360 dvd the Eclecticist (level 20, -18/116 HPs)
             Began as a Deep Elf Gladiator on Mar 28, 2019.
             Was a High Priest of Okawaru.
             Splashed by a deep elf sorcerer's acid (20 damage)
             ... led by an ironheart preserver
             ... on level 2 of the Vaults on Apr 2, 2019.
             The game lasted 04:38:40 (58037 turns).

dvd the Eclecticist (Deep Elf Gladiator)           Turns: 58037, Time: 04:38:44

Health: -18/116    AC: 36    Str: 17    XL:     20   Next: 19%
Magic:  23/42      EV: 25    Int: 23    God:    Okawaru [*****.]
Gold:   91         SH: 18    Dex: 25    Spells: 3/52 levels left

rFire    + + .     SeeInvis +   a - +9 rapier (protect)
rCold    + + +     Gourm    .   A - +4 shield {reflect}
rNeg     . . .     Faith    .   w - +5 scale mail "Xajour" {rPois rF+ rC+ Int+5}
rPois    +         Spirit   .   i - +2 helmet
rElec    +         Reflect  +   y - +2 cloak
rCorr    .         Harm     +   K - +2 pair of gloves
MR       ++...     Clarity  +   q - +2 pair of boots of the Assassin {Detection Stab+ Stlth++}
Stlth    +++++++++.             J - amulet of Wiafyd {Harm *Drain rElec rC++ Stlth+}
HPRegen  0.29/turn              c - ring "Duco" {Wiz rPois Dex+8 Stlth+}
MPRegen  0.28/turn              S - ring of see invisible

@: heroism, finesse, marked, protection aura, very slightly contaminated
A: clarity, fire resistance 1, strong 1, MP-powered wands
}: 2/15 runes: serpentine, barnacled
a: Heroism, Finesse, Renounce Religion


You were on level 2 of the Vaults.
You worshipped Okawaru.
Okawaru was extremely pleased with you.
You were not hungry.

You visited 7 branches of the dungeon, and saw 36 of its levels.
You visited 1 bazaar.
You also visited: Ossuary and Ice Cave.

You collected 3438 gold pieces.
You spent 3347 gold pieces at shops.

Inventory:

Hand Weapons
 a - a +9 rapier of protection (weapon)
Missiles
 s - 6 throwing nets
 u - 17 poisoned javelins (quivered)
 x - 5 tomahawks of returning
 Q - 3 silver tomahawks
 Y - 19 javelins of penetration
 Z - 12 steel javelins
Armour
 i - a +2 helmet (worn)
 q - the +2 pair of boots of the Assassin (worn) {Detection Stab+ Stlth++}
   (You found it in an ice cave)

   It makes you much more stealthy.
 w - the +5 scale mail "Xajour" (worn) {rPois rF+ rC+ Int+5}
   (You took it off an orc on level 3 of the Dungeon)

   It affects your intelligence (+5).
   It protects you from fire.
   It protects you from cold.
   It protects you from poison.
 y - a +2 cloak (worn)
 A - a +4 shield of reflection (worn)
 K - a +2 pair of gloves (worn)
 L - the +0 pair of boots "Asaiwir" {rCorr Str+2}
   (You found it on level 4 of the Dungeon)

   It affects your strength (+2).
   It provides partial protection from all sources of acid and corrosion.
Jewellery
 c - the ring "Duco" (left hand) {Wiz rPois Dex+8 Stlth+}
   (You bought it in a shop in a bazaar)

   [ring of wizardry]

   It improves your spell success rate.
   It affects your dexterity (+8).
   It protects you from poison.
   It makes you more stealthy.
 J - the amulet of Wiafyd (around neck) {Harm *Drain rElec rC++ Stlth+}
   (You acquired it on level 2 of the Lair of Beasts)

   [amulet of harm]

   It increases damage dealt and taken.
   It greatly protects you from cold.
   It insulates you from electricity.
   It causes draining when unequipped.
   It makes you more stealthy.
 S - a ring of see invisible (right hand)
Wands
 g - a wand of flame (50)
 h - a wand of scattershot (1)
 I - a wand of paralysis (34)
 N - a wand of digging (14)
 W - a wand of random effects (73)
 X - a wand of disintegration (29)
Scrolls
 b - 2 scrolls of blinking
 e - 3 scrolls of enchant weapon
 j - 17 scrolls of teleportation
 l - 4 scrolls of fear
 n - 20 scrolls of identify
 v - 2 scrolls of holy word {unknown}
 z - 15 scrolls of remove curse
 D - 5 scrolls of amnesia
 E - 3 scrolls of fog
Potions
 d - 3 potions of ambrosia
 m - 2 potions of cancellation
 o - 4 potions of flight
 p - 20 potions of curing
 r - a potion of invisibility
 t - 2 potions of mutation
 B - 3 potions of resistance
 C - 2 potions of brilliance
 H - a potion of haste
 P - 2 potions of agility
 T - a potion of heal wounds
Miscellaneous
 M - a crystal ball of energy
Comestibles
 f - 57 rations
 k - 5 chunks of flesh


   Skills:
 + Level 9.2(14.2) Fighting
 + Level 14.6(19.6) Short Blades
 + Level 7.4(12.4) Throwing
 + Level 9.6(14.6) Armour
 + Level 13.1(18.1) Dodging
 + Level 12.8(17.8) Stealth
 * Level 7.3(12.3) Shields
 + Level 16.9 Spellcasting
 + Level 11.9 Conjurations
 + Level 12.2 Hexes
 + Level 8.1 Charms
 + Level 8.3 Necromancy
 + Level 4.0 Translocations
 + Level 7.1 Transmutations
 + Level 4.3 Ice Magic
 + Level 1.1 Air Magic
 + Level 7.2 Earth Magic
 + Level 5.0 Invocations
 * Level 9.4 Evocations


You had 3 spell levels left.
You knew the following spells:

 Your Spells              Type           Power        Failure   Level  Hunger
a - Stone Arrow           Conj/Erth      ######       1%          3    None
b - Irradiate             Conj/Tmut      ######....   1%          5    #......
c - Static Discharge      Conj/Air       #####...     1%          3    None
d - Ensorcelled Hibernat  Hex/Ice        ######       1%          2    None
e - Confuse               Hex            ######..     1%          3    None
f - Dazzling Spray        Conj/Hex       ######       1%          3    None
g - Apportation           Tloc           #####.       1%          1    None
h - Tukima's Dance        Hex            ######..     1%          3    None
i - Regeneration          Chrm/Necr      ######....   1%          3    None
j - Cause Fear            Hex            ######....   1%          4    None
k - Bolt of Draining      Conj/Necr      ######....   1%          5    #......
l - Sublimation of Blood  Necr           ######....   1%          2    None
m - Yara's Violent Unrav  Hex/Tmut       ######....   1%          5    #......
n - Blink                 Tloc           N/A          1%          2    None
o - Metabolic Englaciati  Hex/Ice        ######....   3%          5    #......

Your spell library contained the following spells:

 Spells                   Type           Power        Failure   Level  Hunger
 Animate Skeleton         Necr           N/A          1%          1    None
 Confusing Touch          Hex            ######       1%          1    None
 Corona                   Hex            ######.      1%          1    None
 Freeze                   Ice            ####         1%          1    None
 Infusion                 Chrm           ####         1%          1    None
 Sandblast                Erth           ######       1%          1    None
 Corpse Rot               Necr           N/A          1%          2    None
 Passwall                 Tmut/Erth      ######..     1%          2    None
 Shroud of Golubria       Chrm/Tloc      #####.....   1%          2    None
 Slow                     Hex            ######..     1%          2    None
 Song of Slaying          Chrm           ######..     1%          2    None
 Throw Frost              Conj/Ice       ######       1%          2    None
 Inner Flame              Hex/Fire       #####...     1%          3    None
 Ozocubu's Armour         Chrm/Ice       #####...     1%          3    None
 Portal Projectile        Hex/Tloc       ######       1%          3    None
 Spectral Weapon          Hex/Chrm       ######..     1%          3    None
 Gell's Gravitas          Tloc           #####.....   2%          3    None
 Lesser Beckoning         Tloc           #####.....   2%          3    None
 Teleport Other           Tloc           #####...     2%          3    None
 Summon Small Mammal      Summ           ###.         4%          1    None
 Leda's Liquefaction      Hex/Erth       ######....   1%          4    None
 Petrify                  Tmut/Erth      ######..     1%          4    None
 Throw Icicle             Conj/Ice       ######..     1%          4    None
 Agony                    Necr           ######..     3%          5    #......
 Dispel Undead            Necr           ######..     3%          5    #......
 Excruciating Wounds      Chrm/Necr      ######....   3%          5    #......
 Lee's Rapid Deconstruct  Erth           ######....   5%          5    #......
 Passage of Golubria      Tloc           N/A          7%          4    None
 Lightning Bolt           Conj/Air       #####.....   7%          5    #......
 Summon Ice Beast         Ice/Summ       ####....     16%         4    None
 Hydra Form               Tmut           ######....   28%         6    ####...
 Statue Form              Tmut/Erth      ######...    28%         6    ####...
 Dragon Form              Tmut           ######....   82%         7    ######.
 Haunt                    Necr/Summ      #####.....   99%         7    ######.
 Borgnjor's Revivificati  Necr           ######....   100%        8    #######
 Death's Door             Chrm/Necr      ######....   100%        8    #######
 Ignition                 Fire           ###.......   100%        8    #######
 Infestation              Necr           ######....   100%        8    #######
 Necromutation            Tmut/Necr      ######....   100%        8    #######
 Shatter                  Erth           ######....   100%        9    #######
 Tornado                  Air            ###.......   100%        9    #######


Dungeon Overview and Level Annotations

Branches:
Dungeon (15/15)            Temple (0/1) D:5            Lair (6/6) D:11
 Shoals (4/4) Lair:2        Snake (4/4) Lair:4        Slime (0/5) Lair:5
    Orc (2/2) D:9             Elf (3/3) Orc:2        Vaults (2/5) D:13
 Depths (0/5) D:15
  Crypt: Vaults:2-3

Altars:
Ashenzari
Dithmenos
Elyvilon
Gozag
Hepliaklqana
Kikubaaqudgha
Makhleb
Nemelex Xobeh
Okawaru
Qazlal
Sif Muna
Uskayaw
Vehumet
Yredelemnul
Beogh
Jiyva

Shops:
D:8 :   D:9 [   D:13 }   Orc:1 }   Orc:2 !([:   Elf:2 %   Vaults:1 %

Annotations:
Elf:1 Saint Roka


Innate Abilities, Weirdness & Mutations

You possess an exceptional clarity of mind.
Your flesh is heat resistant. (rF+)
Your muscles are strong. (Str +2)
You expend magic power (3 MP) to strengthen your wands.


Message History

There is an open door here.
There is an open door here.
There is an open door here.
You feel much better.
Unknown command.
You gain the combat prowess of a mighty hero.
The deep elf sorcerer hits you but does no damage.
You can now deal lightning-fast blows.
You block the deep elf sorcerer's attack.
The deep elf sorcerer hits you but does no damage.
You puncture the deep elf sorcerer!
Your weapon exudes an aura of protection.
The deep elf sorcerer is moderately wounded.
You impale the deep elf sorcerer!!
The deep elf sorcerer is almost dead.
The deep elf sorcerer gestures at you while chanting.
The bolt of acid hits you!!
* * * LOW HITPOINT WARNING * * *
You are splashed with acid!
You die...

.## ##(#..# {
...##..(..#
....#.()c.#
...#..(cp.#### #####
.......p.e#..###...#
.....(....#..'.'...#
#####....{####'#...#
#.....##.'.#####
#...p(#####.@.#
#....p#(..###e##
#.....'.{.e.'..#
#.....#...###..#
######'######## ####
.##.##.##.#
..........#
...8))8...#
....))[.))#


You could see a deep elf sorcerer.

Vanquished Creatures
  Mara (Shoals:3)
  Bai Suzhen (Snake:4)
  Vashnia (Snake:4)
  Nikola (Shoals:3)
  Rupert (Snake:1)
  The ghost of vishdafish the Blocker, an adept GnFi of Gozag (Elf:3)
  A deep elf blademaster (Elf:2)
  Polyphemus (Shoals:3)
  Kirke (Snake:4)
  Agnes (D:14)
  6 nagarajas
  A deep elf sorcerer (Elf:1)
  7 vault wardens
  Aizul (Snake:4)
  3 ironheart preservers
  A stone giant (Orc:2)
  A reaper (IceCv)
  2 deep elf demonologists (Elf:1)
  A dire elephant (Lair:2)
  2 fire dragons
  2 merfolk javelineers
  5 merfolk impalers
  Josephine (Lair:6)
  2 deep elf high priests (Elf:3)
  9 hydras
  A great orb of eyes (Vaults:2)
  2 yaktaur captains
  3 vault guards
  Erolcha (D:9)
  3 catoblepae
  20 naga warriors
  10 ogre magi
  5 merfolk avatars
  15 two-headed ogres
  4 death yaks
  6 anacondas
  4 centaur warriors
  2 merfolk aquamancers (Shoals:4)
  5 satyrs
  A queen ant (Lair:2)
  A tengu warrior (D:14)
  An orc high priest (Elf:3)
  A vampire mage (D:15)
  19 dancing weapons
  3 shock serpents
  11 naga sharpshooters
  Sonja (D:13)
  20 deep elf knights
  2 skeletal warriors (D:15)
  The ghost of SeriousVitamin the Arsonist, a novice DEFE of Vehumet (D:9)
  A fire crab (Lair:6)
  4 salamander mystics
  2 unseen horrors
  11 sea snakes
  2 naga ritualists (Snake:4)
  9 deep elf archers
  4 wizards
  18 harpies
  Pikel (D:5)
  A necromancer (D:15)
  A fire giant zombie (D:15)
  6 orc sorcerers
  6 mana vipers
  An orc knight (Orc:2)
  10 ugly things
  27 fauns
  49 deep elf magi
  4 oklob plants (Lair:3)
  20 manticores
  11 salamanders
  5 cyclopes
  2 moths of wrath (Lair:6)
  31 black mambas
  23 elephants
  Maurice (D:9)
  Psyche (D:11)
  A vault sentinel (Vaults:1)
  2 ice statues (IceCv)
  4 merfolk sirens
  15 naga magi
  6 water nymphs
  2 gargoyles
  3 torpor snails
  10 spiny frogs
  2 molten gargoyles (Lair:6)
  4 guardian serpents
  An efreet (D:14)
  5 kobold demonologists
  3 rime drakes
  10 komodo dragons
  14 yaktaurs
  A tengu conjurer (D:14)
  2 freezing wraiths
  A yaktaur (shapeshifter) (Vaults:1)
  A harpy zombie (D:15)
  9 ice devils (IceCv)
  A yaktaur skeleton (D:15)
  6 trolls
  25 merfolk
  2 polar bears
  A deep troll zombie (D:15)
  4 wind drakes
  3 meliai (D:13)
  7 tyrant leeches
  7 blink frogs
  2 blink frogs (shapeshifter)
  6 snapping turtles
  A spriggan zombie (D:15)
  The ghost of ThisFiasco the Digger, an amateur DEEE of Vehumet (D:3)
  11 slime creatures
  2 dream sheep (Shoals:3)
  16 hippogriffs
  3 vampires
  Sigmund (D:2)
  3 air elementals
  A shadow (D:12)
  13 wraiths
  A spriggan (Lair:2)
  7 humans (D:13)
  5 wyverns (Lair:6)
  6 water elementals
  10 basilisks
  A fire elemental (D:14)
  38 yaks
  3 hungry ghosts
  3 steam dragons
  3 hogs (Snake:4)
  9 vampire mosquitoes
  51 nagas
  7 swamp worms (Lair:6)
  Edmund (D:6)
  5 soldier ants (Lair:2)
  2 wargs (D:11)
  10 water moccasins
  4 hell hounds (Lair:6)
  An acid dragon (Vaults:1)
  6 porcupines
  11 ice beasts
  A sky beast (D:12)
  A slave (D:5)
  A swamp drake (D:9)
  13 wolves
  23 ogres
  3 black bears
  21 orc warriors
  4 phantoms
  A boggart (Elf:1)
  A necrophage (D:6)
  26 centaurs
  15 crocodiles
  4 big kobolds
  12 bullfrogs
  An earth elemental (Elf:2)
  A wyvern zombie (D:10)
  4 scorpions
  A wyvern skeleton (D:6)
  18 killer bees
  12 wights
  9 howler monkeys
  5 centaur zombies
  9 crimson imps
  A wyvern simulacrum (D:14)
  A bullfrog zombie (D:12)
  5 hounds
  2 jellies
  5 lava snakes (Lair:6)
  A yaktaur simulacrum (Vaults:1)
  19 orc priests
  3 centaur skeletons
  2 quasits
  A human zombie (Ossuary)
  Terence (D:2)
  2 iguanas
  37 orc wizards
  14 worker ants
  2 big kobold zombies (Ossuary)
  A hound skeleton (D:11)
  2 mummies (Ossuary)
  A howler monkey zombie (D:8)
  2 worker ant zombies
  Robin (D:1)
  14 adders
  13 gnolls
  8 shadow imps
  9 white imps
  11 ufetubi
  2 adder zombies
  4 adder skeletons
  3 worms
  3 dart slugs
  5 leopard geckos
  92 orcs
  8 giant cockroaches
  16 goblins
  11 hobgoblins
  15 jackals
  3 quokkas
  7 bats
  5 frilled lizards
  5 goblin zombies (Ossuary)
  5 hobgoblin zombies (Ossuary)
  A jackal zombie (Ossuary)
  11 kobolds
  7 kobold zombies (Ossuary)
  14 orc zombies (Ossuary)
  A quokka skeleton (D:4)
  A quokka zombie (D:7)
  8 rats
  A rat zombie (D:7)
  A fungus (Lair:6)
  2 plants
  A withered plant (Shoals:3)
1419 creatures vanquished.

Vanquished Creatures (collateral kills)
  A naga warrior (Snake:4)
  3 two-headed ogres
  A deep elf knight (Elf:2)
  2 salamander mystics
  An ironbrand convoker (Vaults:2)
  A cyclops (D:15)
  2 deep elf magi
  A faun (Shoals:4)
  2 merfolk sirens (Shoals:4)
  2 naga magi
  A vault sentinel (Vaults:1)
  A yaktaur (Vaults:1)
  A merfolk (Shoals:4)
  A tyrant leech (Lair:6)
  5 nagas (Snake:4)
  A boggart (Vaults:1)
  An ogre (Vaults:2)
27 creatures vanquished.

Vanquished Creatures (others)
  An ugly thing (Vaults:2)
  A deep elf mage (Elf:1)
  A cyclops (Shoals:3)
  A faun (Shoals:4)
  A merfolk siren (Shoals:4)
  A yaktaur (Vaults:2)
  A water elemental (D:13)
  6 humans
  23 dancing weapons
  2 centaurs
  An orc wizard (Orc:2)
  A worker ant (D:14)
  2 white imps (IceCv)
  3 ufetubi (IceCv)
  An orc (D:6)
  A jackal (D:6)
  A bush (Lair:6)
  79 fungi
  60 plants
187 creatures vanquished.

Grand Total: 1633 creatures vanquished

Notes
Turn   | Place    | Note
-------+----------+-------------------------------------------
     0 | D:1      | dvd the Deep Elf Gladiator began the quest for the Orb.
     0 | D:1      | Reached XP level 1. HP: 12/12 MP: 3/3
   378 | D:1      | Reached XP level 2. HP: 17/17 MP: 4/4
  1046 | D:2      | Reached XP level 3. HP: 20/21 MP: 5/5
  1360 | D:2      | Noticed Sigmund
  1371 | D:2      | Killed Sigmund
  1371 | D:2      | Reached skill level 5 in Short Blades
  1371 | D:2      | Reached skill level 1 in Armour
  1371 | D:2      | Reached skill level 1 in Stealth
  1371 | D:2      | Reached XP level 4. HP: 25/26 MP: 6/6
  1371 | D:2      | Reached XP level 5. HP: 29/30 MP: 7/7
  1418 | D:2      | Noticed Robin
  1718 | D:1      | Killed Robin
  1973 | D:2      | Noticed Terence
  1989 | D:2      | Killed Terence
  2223 | D:3      | Reached XP level 6. HP: 35/35 MP: 8/8
  2734 | D:3      | Reached skill level 5 in Dodging
  2863 | D:4      | Found a runed translucent gate.
  2863 | D:4      | Found a runed translucent gate.
  2863 | D:4      | Found a runed translucent gate.
  2866 | D:4      | Noticed ThisFiasco's ghost (amateur DEEE)
  3057 | D:4      | Found an iron altar of Okawaru.
  3069 | D:4      | Identified the +5 scale mail "Xajour" {rPois rF+ rC+ Int+5}
  3090 | D:4      | Became a worshipper of Warmaster Okawaru
  3465 | D:4      | Found a roughly hewn altar of Beogh.
  3604 | D:4      | Reached XP level 7. HP: 33/40 MP: 9/9
  3874 | D:4      | Found a white marble altar of Elyvilon.
  3931 | D:5      | Entered Level 5 of the Dungeon
  4856 | D:5      | Found a shadowy altar of Dithmenos.
  4901 | D:5      | Found a staircase to the Ecumenical Temple.
  4916 | D:5      | Reached * piety under Okawaru
  4916 | D:5      | Reached XP level 8. HP: 42/46 MP: 10/10
  5190 | D:6      | Found a burning altar of Makhleb.
  5265 | D:6      | Noticed Edmund
  5285 | D:6      | Killed Edmund
  5340 | D:6      | Found a basalt altar of Yredelemnul.
  5404 | D:6      | Noticed Pikel
  5474 | D:6      | Paralysed by Pikel for 7 turns
  5493 | D:5      | Killed Pikel
  5493 | D:5      | Reached skill level 5 in Stealth
  5798 | D:6      | Reached ** piety under Okawaru
  6437 | D:3      | Killed ThisFiasco's ghost
  6437 | D:3      | Reached XP level 9. HP: 47/51 MP: 6/11
  6649 | D:4      | Got a pair of spiked boots
  6671 | D:4      | Identified the cursed +0 pair of boots "Asaiwir" {rCorr
                  | Str+2} (You found it on level 4 of the Dungeon)
  6775 | D:7      | Found a sand-covered staircase.
  6797 | Ossuary  | Entered an ossuary
  7813 | D:7      | Found a sparkling altar of Nemelex Xobeh.
  8617 | D:8      | Found a stormy altar of Qazlal.
  8968 | D:8      | Found Wucriph's Book Shoppe.
  9047 | D:8      | Reached skill level 1 in Invocations
  9514 | D:9      | Found Buidoyla's Antique Armour Shoppe.
  9608 | D:9      | Found a runed translucent gate.
  9608 | D:9      | Found a runed translucent gate.
  9608 | D:9      | Found a runed translucent gate.
  9609 | D:9      | Noticed a freezing wraith
  9620 | D:9      | Noticed SeriousVitamin's ghost (novice DEFE)
  9638 | D:9      | Found a staircase to the Orcish Mines.
  9709 | D:9      | Noticed Erolcha
  9718 | D:9      | Reached *** piety under Okawaru
  9718 | D:9      | Reached XP level 10. HP: 57/57 MP: 11/13
 10005 | D:9      | Reached skill level 5 in Fighting
 10213 | D:9      | Noticed a two-headed ogre
 10233 | D:9      | Killed a two-headed ogre
 10233 | D:9      | Received a gift from Okawaru
 10292 | D:9      | Noticed Maurice
 10292 | D:9      | Paralysed by Maurice for 6 turns
 10311 | D:9      | Found a shattered altar of Ashenzari.
 10318 | D:9      | Killed Maurice
 10319 | D:9      | Found a sparkling altar of Nemelex Xobeh.
 10319 | D:9      | Found an opulent altar of Gozag.
 10358 | D:9      | Killed Erolcha
 10358 | D:9      | Reached **** piety under Okawaru
 10358 | D:9      | Reached skill level 5 in Armour
 10670 | D:10     | Entered Level 10 of the Dungeon
 10688 | D:9      | Reached skill level 10 in Short Blades
 11013 | D:10     | Noticed a two-headed ogre
 11029 | D:10     | Killed a two-headed ogre
 11029 | D:10     | Reached XP level 11. HP: 64/64 MP: 12/14
 11143 | D:10     | Received a gift from Okawaru
 11392 | D:10     | Reached skill level 5 in Throwing
 11463 | D:10     | Learned a level 3 spell: Stone Arrow
 11601 | D:11     | Reached skill level 1 in Conjurations
 11682 | D:10     | Reached skill level 1 in Spellcasting
 11759 | D:11     | Noticed a red ugly thing
 12089 | D:11     | Killed a red ugly thing
 12089 | D:11     | Reached skill level 2 in Spellcasting
 12089 | D:11     | Reached skill level 1 in Earth Magic
 12343 | D:11     | Found a hazy altar of Hepliaklqana.
 12522 | D:11     | Noticed Psyche
 12545 | D:11     | Killed Psyche
 12545 | D:11     | Reached ***** piety under Okawaru
 12598 | D:11     | Found a staircase to the Lair.
 13101 | D:8      | Reached skill level 3 in Spellcasting
 13393 | D:9      | Killed SeriousVitamin's ghost
 13447 | D:9      | Received a gift from Okawaru
 13475 | D:9      | Got a clouded bone ring
 13482 | D:9      | Identified the ring of Vajoett {+Inv Stlth-} (You found it
                  | on level 9 of the Dungeon)
 13860 | Lair:1   | Entered Level 1 of the Lair of Beasts
 13894 | Lair:1   | Noticed a five-headed hydra
 13909 | Lair:1   | Killed a five-headed hydra
 13909 | Lair:1   | Reached skill level 4 in Spellcasting
 14056 | Lair:1   | Reached skill level 1 in Evocations
 14158 | Lair:1   | Found a frozen archway.
 14178 | Lair:1   | Reached XP level 12. HP: 54/71 MP: 21/21
 14250 | Lair:1   | Reached skill level 5 in Spellcasting
 14328 | IceCv    | Entered an ice cave
 14629 | IceCv    | Received a gift from Okawaru
 14658 | IceCv    | Found the +2 pair of boots of the Assassin {Detection Stab+
                  | Stlth++}
 15344 | IceCv    | Received a gift from Okawaru
 15386 | IceCv    | Reached skill level 10 in Dodging
 15483 | IceCv    | Noticed a reaper
 15492 | IceCv    | Killed a reaper
 15503 | IceCv    | Got a jewelled war axe
 15533 | IceCv    | Identified the +10 war axe "Xacauq" {elec, rElec rN++ MR-}
                  | (You found it in an ice cave)
 15650 | Lair:1   | Noticed a six-headed hydra
 16012 | Lair:1   | Learned a level 5 spell: Irradiate
 16075 | Lair:1   | Reached skill level 1 in Transmutations
 16286 | Lair:1   | Killed a six-headed hydra
 16286 | Lair:1   | Received a gift from Okawaru
 16286 | Lair:1   | Reached skill level 6 in Spellcasting
 16286 | Lair:1   | Reached skill level 5 in Conjurations
 16875 | Lair:2   | Received a gift from Okawaru
 17003 | Lair:2   | Identified a scroll of acquirement
 17004 | Lair:2   | Got a smoking garnet amulet
 17006 | Lair:2   | Identified the amulet of Wiafyd {Harm *Drain rElec rC++
                  | Stlth+} (You acquired it on level 2 of the Lair of Beasts)
 17012 | Lair:2   | Noticed a queen ant
 17034 | Lair:2   | Killed a queen ant
 17139 | Lair:2   | Learned a level 3 spell: Static Discharge
 17147 | Lair:2   | Gained mutation: You expend magic power (3 MP) to
                  | strengthen your wands. [potion of mutation]
 17147 | Lair:2   | Gained mutation: You possess an exceptional clarity of
                  | mind. [potion of mutation]
 17147 | Lair:2   | Gained mutation: Your flesh is heat resistant. (rF+)
                  | [potion of mutation]
 17147 | Lair:2   | Gained mutation: Your muscles are strong. (Str +2) [potion
                  | of mutation]
 17275 | Lair:2   | Received a gift from Okawaru
 17286 | Lair:2   | Reached XP level 13. HP: 76/76 MP: 23/25
 17303 | Lair:2   | Found a staircase to the Shoals.
 17341 | Lair:2   | Noticed a dire elephant
 17717 | Lair:2   | Killed a dire elephant
 17717 | Lair:2   | Reached skill level 7 in Spellcasting
 17726 | Lair:2   | Reached skill level 1 in Shields
 18822 | Lair:2   | Reached skill level 5 in Transmutations
 18851 | Lair:2   | Received a gift from Okawaru
 18851 | Lair:2   | Reached skill level 8 in Spellcasting
 19238 | Lair:2   | Received a gift from Okawaru
 21247 | Lair:4   | Found a staircase to the Snake Pit.
 21405 | Lair:4   | Reached skill level 5 in Earth Magic
 21412 | Lair:4   | Reached skill level 9 in Spellcasting
 22062 | Lair:4   | Received a gift from Okawaru
 22065 | Lair:4   | Got a spiked scale mail {god gift}
 22076 | Lair:4   | Identified the +5 scale mail "Udyfren" {MP+9} (Okawaru
                  | gifted it to you on level 4 of the Lair of Beasts)
 22631 | Lair:5   | Reached ****** piety under Okawaru
 22709 | Lair:5   | Found a viscous altar of Jiyva.
 22709 | Lair:5   | Found a staircase to the Slime Pits.
 23008 | Lair:6   | Entered Level 6 of the Lair of Beasts
 23008 | Lair:6   | Noticed Josephine
 23337 | Lair:5   | Reached XP level 14. HP: 41/82 MP: 20/29
 23691 | Lair:6   | Killed Josephine
 23708 | Lair:6   | Learned a level 2 spell: Ensorcelled Hibernation
 23712 | Lair:6   | Learned a level 3 spell: Confuse
 24022 | Lair:6   | Reached skill level 1 in Hexes
 24654 | Lair:6   | Reached skill level 10 in Spellcasting
 25206 | Lair:6   | Reached skill level 1 in Ice Magic
 25316 | Lair:6   | Learned a level 3 spell: Dazzling Spray
 25518 | Lair:6   | Received a gift from Okawaru
 25814 | Lair:6   | Found a large runed translucent door.
 25815 | Lair:6   | Found a large runed translucent door.
 26991 | Orc:1    | Entered Level 1 of the Orcish Mines
 27121 | Orc:1    | Found Quijumn's Gadget Shoppe.
 27241 | Orc:2    | Entered Level 2 of the Orcish Mines
 27500 | Orc:2    | Noticed a stone giant
 27507 | Orc:2    | Killed a stone giant
 27523 | Orc:2    | Found a staircase to the Elven Halls.
 27712 | Orc:2    | Found Beezec's Distillery.
 27716 | Orc:2    | Paralysed by an ogre mage for 6 turns
 27723 | Orc:2    | Reached skill level 11 in Spellcasting
 27723 | Orc:2    | Reached skill level 5 in Hexes
 27787 | Orc:2    | Found Qiarph's Book Shoppe.
 27828 | Orc:2    | Bought a potion of heal wounds for 70 gold pieces
 27841 | Orc:2    | Found a radiant altar of Vehumet.
 27855 | Orc:2    | Paralysed by an ogre mage for 2 turns
 27883 | Orc:2    | Found Wugutza's Antique Weapon Shoppe.
 28052 | Orc:2    | Found an ancient bone altar of Kikubaaqudgha.
 28127 | Orc:2    | Found a roughly hewn altar of Beogh.
 28144 | Orc:2    | Paralysed by an orc sorcerer for 2 turns
 28148 | Orc:2    | Reached XP level 15. HP: 76/88 MP: 17/32
 28226 | Orc:2    | Found Yfipaxt's Antique Armour Emporium.
 28243 | Orc:2    | Bought a glowing helmet for 180 gold pieces
 28717 | Orc:1    | Found a deep blue altar of Sif Muna.
 28730 | Orc:1    | Identified Sif Muna's Collected Works on Displacement
 28746 | Orc:1    | Learned a level 1 spell: Apportation
 28853 | Orc:1    | Upgraded the game from 0.23.1-38-g628c18f to
                  | 0.23.1-42-g8abd8fc
 29936 | D:12     | Received a gift from Okawaru
 30674 | D:13     | Noticed Sonja
 30773 | D:13     | Killed Sonja
 30882 | D:13     | Received a gift from Okawaru
 31441 | D:12     | Learned a level 3 spell: Tukima's Dance
 31654 | D:13     | Found a gate to the Vaults.
 31870 | D:13     | Learned a level 3 spell: Ozocubu's Armour
 31875 | D:13     | Learned a level 4 spell: Cause Fear
 31881 | D:13     | Learned a level 5 spell: Bolt of Draining
 31891 | D:13     | Found Odegh's Gadget Shoppe.
 32179 | D:14     | Received a gift from Okawaru
 32179 | D:14     | Reached skill level 10 in Conjurations
 32394 | D:14     | Reached skill level 12 in Spellcasting
 32433 | D:14     | HP: 1/88 [efreet/bolt of fire (6)]
 33006 | D:14     | Reached skill level 10 in Stealth
 33800 | D:9      | Bought a glowing scarf for 208 gold pieces
 34123 | Snake:1  | Entered Level 1 of the Snake Pit
 34461 | Snake:1  | Received a gift from Okawaru
 34868 | Snake:1  | Noticed Rupert
 35056 | Snake:1  | Reached skill level 1 in Necromancy
 35125 | Snake:1  | Killed Rupert
 35460 | Snake:1  | Received a gift from Okawaru
 35580 | Snake:1  | Found an iron altar of Okawaru.
 35719 | Snake:2  | Reached XP level 16. HP: 93/93 MP: 34/34
 35844 | Snake:2  | Received a gift from Okawaru
 36222 | D:8      | Bought a book of Battle for 520 gold pieces
 36226 | D:8      | Learned a level 3 spell: Regeneration
 36331 | D:15     | Entered Level 15 of the Dungeon
 36333 | D:15     | Noticed Agnes
 36345 | D:14     | Killed Agnes
 36345 | D:14     | Reached skill level 1 in Charms
 36672 | D:15     | Found a hide-covered altar of Uskayaw.
 36720 | D:15     | Found a staircase to the Depths.
 37383 | D:15     | Reached skill level 13 in Spellcasting
 37789 | D:15     | Upgraded the game from 0.23.1-42-g8abd8fc to 0.23.2
 38526 | Snake:3  | Received a gift from Okawaru
 38526 | Snake:3  | Reached skill level 1 in Translocations
 39155 | Snake:3  | Received a gift from Okawaru
 39155 | Snake:3  | Reached skill level 5 in Charms
 39607 | Snake:4  | Entered Level 4 of the Snake Pit
 39847 | Snake:4  | Noticed Bai Suzhen
 40322 | Snake:4  | Noticed Aizul
 40421 | Snake:4  | Killed Aizul
 40421 | Snake:4  | Reached skill level 5 in Necromancy
 41004 | Snake:4  | Killed Bai Suzhen
 41004 | Snake:4  | Reached XP level 17. HP: 97/97 MP: 14/36
 41696 | Snake:4  | Received a gift from Okawaru
 41806 | Snake:4  | Reached skill level 10 in Hexes
 41847 | Snake:4  | Noticed Vashnia
 42795 | Snake:4  | Killed Vashnia
 42827 | Snake:4  | Noticed Kirke
 42961 | Snake:4  | Killed Kirke
 43454 | Snake:4  | Reached skill level 14 in Spellcasting
 43827 | Snake:4  | Received a gift from Okawaru
 44057 | Snake:4  | Received a gift from Okawaru
 44544 | Snake:4  | Got a serpentine rune of Zot
 44873 | Orc:1    | Bought a crystal ball of energy for 280 gold pieces
 44955 | Elf:1    | Entered Level 1 of the Elven Halls
 45621 | Elf:1    | Received a gift from Okawaru
 45931 | Elf:1    | Received a gift from Okawaru
 45935 | Elf:1    | Got a faintly glowing rapier {god gift}
 45950 | Elf:1    | Identified the +0 rapier "Zugo" {vamp, *Drain rF+ MR+}
                  | (Okawaru gifted it to you on level 1 of the Elven Halls)
 46533 | Shoals:1 | Entered Level 1 of the Shoals
 46534 | Shoals:1 | Reached XP level 18. HP: 104/104 MP: 38/38
 46794 | Shoals:1 | Learned a level 2 spell: Sublimation of Blood
 47618 | Shoals:2 | Reached skill level 5 in Evocations
 48209 | Shoals:2 | Received a gift from Okawaru
 48373 | Shoals:2 | Got a scorched chain mail {god gift}
 48374 | Shoals:2 | Identified the +7 chain mail "Suxtije" {+Inv rC- rCorr
                  | Stlth+} (Okawaru gifted it to you on level 2 of the Shoals)
 48868 | Shoals:3 | Noticed Mara
 48871 | Shoals:3 | Killed Mara
 49218 | Shoals:3 | Noticed Polyphemus
 49422 | Shoals:3 | Learned a level 5 spell: Yara's Violent Unravelling
 49523 | Shoals:3 | Reached skill level 15 in Spellcasting
 49822 | Shoals:3 | Reached skill level 5 in Shields
 49983 | Shoals:3 | Killed Polyphemus
 50152 | Shoals:4 | Entered Level 4 of the Shoals
 50176 | Shoals:4 | Received a gift from Okawaru
 50579 | Shoals:4 | Noticed Nikola
 50750 | Shoals:3 | Killed Nikola
 50988 | Shoals:4 | Reached XP level 19. HP: 67/108 MP: 20/40
 51458 | Shoals:4 | Got a barnacled rune of Zot
 52511 | Elf:2    | Noticed Saint Roka
 53327 | Elf:2    | Reached skill level 1 in Air Magic
 53369 | Elf:2    | Reached skill level 16 in Spellcasting
 53396 | Elf:2    | Found Feneil's Food Emporium.
 53480 | Elf:2    | Found a runed translucent gate.
 53480 | Elf:2    | Found a runed translucent gate.
 53485 | Elf:2    | Found a runed translucent gate.
 53573 | Elf:2    | Received a gift from Okawaru
 54992 | Elf:3    | Entered Level 3 of the Elven Halls
 55395 | Elf:3    | Found a runed translucent door.
 55395 | Elf:3    | Noticed vishdafish's ghost (adept GnFi)
 55457 | Elf:3    | Killed vishdafish's ghost
 55468 | Elf:3    | Learned a level 2 spell: Blink
 55598 | Elf:3    | Reached skill level 5 in Invocations
 56001 | Vaults:1 | Entered Level 1 of the Vaults
 56049 | Vaults:1 | Found a flickering gateway to a bazaar.
 56065 | Bazaar   | Entered a bazaar
 56082 | Bazaar   | Found Rosm's Jewellery Emporium.
 56082 | Bazaar   | Found Horis's Magic Scroll Shoppe.
 56094 | Bazaar   | Bought the ring "Duco" {Wiz rPois Dex+8 Stlth+} for 547
                  | gold pieces
 56111 | Bazaar   | Found Olig Xof's Food Shoppe.
 56134 | Bazaar   | Found Azeajeh's Magic Scroll Shoppe.
 56146 | Bazaar   | Bought a scroll of enchant weapon for 67 gold pieces
 56146 | Bazaar   | Bought a scroll of enchant weapon for 67 gold pieces
 56146 | Bazaar   | Bought a scroll of enchant armour for 67 gold pieces
 56146 | Bazaar   | Bought a scroll of teleportation for 27 gold pieces
 56146 | Bazaar   | Bought 2 scrolls of teleportation for 54 gold pieces
 56172 | Bazaar   | Bought a scroll of enchant weapon for 150 gold pieces
 56172 | Bazaar   | Bought a scroll of teleportation for 60 gold pieces
 56172 | Bazaar   | Bought a scroll of enchant weapon for 150 gold pieces
 56172 | Bazaar   | Bought a scroll of enchant armour for 150 gold pieces
 56172 | Bazaar   | Bought a scroll of enchant armour for 150 gold pieces
 56172 | Bazaar   | Bought a scroll of enchant weapon for 150 gold pieces
 56192 | Bazaar   | Bought a ration for 45 gold pieces
 56192 | Bazaar   | Bought a ration for 45 gold pieces
 56192 | Bazaar   | Bought a ration for 45 gold pieces
 56192 | Bazaar   | Bought a ration for 45 gold pieces
 56192 | Bazaar   | Bought a ration for 45 gold pieces
 56192 | Bazaar   | Bought a ration for 45 gold pieces
 56192 | Bazaar   | Bought a ration for 45 gold pieces
 56192 | Bazaar   | Bought a ration for 45 gold pieces
 56192 | Bazaar   | Bought a ration for 45 gold pieces
 56192 | Bazaar   | Bought a ration for 45 gold pieces
 56215 | Bazaar   | Found Nufeulax's Distillery.
 56400 | Vaults:1 | Found Qasuxt's Food Shop.
 56550 | Vaults:1 | Received a gift from Okawaru
 56714 | Vaults:1 | Received a gift from Okawaru
 57053 | Vaults:1 | Identified the +6 scale mail of the Crypt {Str+2} (You
                  | found it on level 1 of the Vaults)
 57481 | Vaults:2 | Paralysed by a great orb of eyes for 2 turns
 57488 | Vaults:2 | Reached XP level 20. HP: 113/115 MP: 33/42
 57881 | Vaults:2 | Learned a level 5 spell: Metabolic Englaciation
 58003 | Vaults:2 | Received a gift from Okawaru
 58037 | Vaults:2 | HP: 2/116 [deep elf sorcerer/bolt of acid[an ironheart
                  | preserver] (39)]
 58037 | Vaults:2 | Splashed by a deep elf sorcerer's acid

Skill      XL: |  1  2  3  4  5  6  7  8  9 10 11 12 13 14 15 16 17 18 19 |
---------------+----------------------------------------------------------+-----
Dodging        | 4 5 6 7 8 9 10 11 12 13 | 13.1
Fighting       | 2 3 4 5 6 7 8 9 |  9.2
Short Blades   | 5 6 7 8 10 11 12 13 14 | 14.6
Armour         | 1 3 4 5 6 7 8 9 |  9.6
Stealth        | 1 2 3 5 6 7 8 10 11 12 | 12.8
Throwing       | 3 4 6 7 |  7.4
Invocations    | 1 2 3 4 5 |  5.0
Conjurations   | 4 5 7 9 10 11 | 11.9
Spellcasting   | 4 6 9 11 12 13 14 15 16 | 16.9
Earth Magic    | 3 4 5 6 7 |  7.2
Evocations     | 1 2 4 7 9 |  9.4
Transmutations | 3 6 7 |  7.1
Shields        | 1 2 3 4 5 7 |  7.3
Hexes          | 5 8 9 10 11 12 | 12.2
Ice Magic      | 1 2 3 4 |  4.3
Necromancy     | 2 5 7 8 |  8.3
Charms         | 6 7 8 |  8.1
Translocations | 3 4 |  4.0
Air Magic      | 1 |  1.1

Action                   |  1- 3 |  4- 6 |  7- 9 | 10-12 | 13-15 | 16-18 | 19-21 || total
-------------------------+-------+-------+-------+-------+-------+-------+-------++-------
Melee: Rapier            |   154 |    30 |   260 |   668 |  1253 |   971 |   565 ||  3901
       Dagger            |       |   166 |   482 |   748 |   285 |       |       ||  1681
       Punch             |       |       |     5 |    14 |       |       |       ||    19
       Flail             |       |       |       |     4 |       |       |       ||     4
       Quick blade       |       |       |       |     3 |     1 |       |       ||     4
       Short sword       |       |       |       |       |    51 |       |       ||    51
Throw: Throwing net      |     1 |     1 |     2 |     1 |       |     3 |       ||     8
       Javelin           |       |       |    54 |    69 |    39 |    34 |    23 ||   219
       Tomahawk          |       |       |     2 |    20 |     5 |     5 |       ||    32
 Cast: Stone Arrow       |       |       |       |    17 |   221 |   173 |    71 ||   482
       Static Discharge  |       |       |       |     1 |    24 |     3 |     4 ||    32
       Irradiate         |       |       |       |       |     4 |    53 |    19 ||    76
       Ensorcelled Hiber |       |       |       |       |   108 |    99 |    39 ||   246
       Dazzling Spray    |       |       |       |       |    58 |    79 |    21 ||   158
       Confuse           |       |       |       |       |    33 |    22 |     4 ||    59
       Tukima's Dance    |       |       |       |       |    12 |    82 |    54 ||   148
       Cause Fear        |       |       |       |       |     2 |       |     1 ||     3
       Bolt of Draining  |       |       |       |       |       |    62 |    30 ||    92
       Regeneration      |       |       |       |       |       |    59 |    41 ||   100
       Sublimation of Bl |       |       |       |       |       |     7 |     7 ||    14
       Apportation       |       |       |       |       |       |     5 |    12 ||    17
       Yara's Violent Un |       |       |       |       |       |     2 |     6 ||     8
       Blink             |       |       |       |       |       |       |     1 ||     1
Invok: Heroism           |       |       |     9 |    52 |    36 |    30 |    13 ||   140
       Finesse           |       |       |       |       |       |     1 |     2 ||     3
Evoke: Wand              |       |       |       |     9 |    22 |    27 |     2 ||    60
       Crystal ball of e |       |       |       |       |       |     9 |     9 ||    18
  Use: Scroll            |       |       |    11 |     9 |    24 |     9 |    11 ||    64
       Potion            |       |       |       |    10 |     6 |     3 |     2 ||    21
 Stab: Sleeping          |     1 |     1 |     7 |     2 |    93 |    93 |    40 ||   237
       Held in net/web   |     1 |     1 |     1 |       |       |     2 |       ||     5
       Distracted        |       |       |     1 |     3 |     2 |     6 |     1 ||    13
       Paralysed         |       |       |       |     1 |       |       |       ||     1
       Invisible         |       |       |       |       |    17 |    18 |     4 ||    39
       Confused          |       |       |       |       |    17 |    12 |     1 ||    30
       Petrified         |       |       |       |       |       |     2 |       ||     2
  Eat: Chunk             |     2 |     7 |    20 |    15 |    54 |    38 |    23 ||   159
       Ration            |       |       |       |     3 |     2 |     8 |     2 ||    15
Armor: Leather armour    |    43 |    46 |    59 |       |       |       |       ||   148
       Scale mail        |       |       |   136 |   392 |   467 |   343 |   142 ||  1480
       Skin              |       |       |       |    20 |       |       |       ||    20
Dodge: Dodged            |   123 |   108 |   363 |   694 |   803 |   622 |   233 ||  2946
Block: Buckler           |       |       |       |    61 |   372 |   329 |       ||   762
       Shield            |       |       |       |       |       |    58 |   264 ||   322
       Reflection        |       |       |       |       |       |    22 |    36 ||    58
